Map: Oxide LE

Players

kirby

  • Race: Terran Terran
  • League: Master
  • Spawn Location: 7:00

Soita - Winner!

  • Race: Protoss Protoss
  • League: Master
  • Spawn Location: 1:00

VOD

Have the link to the VOD?

Description

Time

  • Played on: Nov. 16, 2020, 7:39 p.m.
  • Length: 11:50
Show
View Real Time Build Order
Export as new Build Order

kirby Terran 

Build Orders: Reaper Expand 

Get SALT Encoding   

  12  0:00  SCV  
  13  0:12  SCV  
  14  0:17  Supply Depot  
  14  0:24  SCV  
  15  0:39  SCV  
  15  0:40  Barracks  
  16  0:43  Refinery  
  16  0:51  SCV  
  17  1:03  SCV  
  18  1:15  SCV  
  19  1:28  Orbital Command, Reaper  
  20  1:47  Command Center  
  20  1:54  SCV  
  21  1:57  Supply Depot  
  21  1:59  Marine  
  22  2:06  SCV  
  23  2:13  Factory  
  23  2:18  SCV  
  23  2:20  Barracks Reactor  
  24  2:25  Refinery  
  24  2:30  SCV  
  25  2:42  SCV  
  26  2:55  SCV  
  26  2:57  Marine x2  
  26  2:58  Factory Tech Lab  
  28  2:59  Starport  
  28  3:01  Orbital Command  
  28  3:07  SCV  
  27  3:16  Marine  
  27  3:17  Marine  
  28  3:25  Siege Tank  
  31  3:28  SCV x2  
  32  3:34  Marine x2  
  32  3:44  SCV  
  32  3:52  SCV  
  32  3:56  SCV  
  32  3:58  Supply Depot  
  29  4:04  Marine x2  
  29  4:05  SCV  
  29  4:08  SCV  
  29  4:09  Starport Reactor  
  32  4:14  Supply Depot  
  32  4:15  Siege Tank  
  35  4:18  SCV  
  36  4:28  Marine x2  
  36  4:30  SCV  
  35  4:40  SCV  
  35  4:42  SCV  
  36  4:46  Marine x2  
  36  4:52  SCV  
  39  4:56  SCV  
  40  5:04  Marine  
  40  5:06  Siege Tank  
  45  5:07  SCV  
  45  5:09  SCV  
  45  5:11  Orbital Command  
  46  5:25  Supply Depot  
  46  5:26  Supply Depot  
  46  5:46  Marine x2  
  46  5:47  Medivac x2, SCV x2  
  54  5:53  Barracks  
  54  5:55  Barracks  
  54  5:57  Engineering Bay  
  54  5:58  Supply Depot  
  54  5:59  SCV x2  
  54  6:00  Factory Tech Lab  
  56  6:08  Marine x2  
  56  6:11  SCV x2  
  60  6:23  SCV  
  60  6:25  SCV  
  62  6:27  Medivac x2  
  62  6:31  Factory Reactor, Terran Infantry Weapons Level 1  
  62  6:32  Missile Turret  
  66  6:35  SCV  
  66  6:37  SCV  
  66  6:39  Missile Turret  
  68  6:41  Marine x2  
  70  6:50  Stimpack  
  70  6:55  Refinery, Supply Depot  
  70  7:02  Combat Shield  
  70  7:09  Supply Depot  
  70  7:12  Supply Depot  
  70  7:17  SCV x2, Marine x2, Marauder x2  
  78  7:29  SCV  
  78  7:31  SCV, Widow Mine x2  
  78  7:36  Marine x2  
  85  7:37  Bunker  
  85  7:40  Command Center  
  85  7:42  Barracks  
  85  7:44  Barracks  
  85  7:45  Supply Depot  
  85  7:47  Supply Depot  
  81  7:54  Marine  
  81  7:55  Marauder x2, Marine  
  87  8:07  Medivac, Widow Mine x2  
  87  8:10  SCV x2  
  87  8:12  Marine x2  
  95  8:15  Supply Depot  
  95  8:16  Marauder x2  
  95  8:17  Supply Depot  
  101  8:25  Concussive Shells  
  102  8:27  SCV  
  102  8:30  Marine  
  102  8:31  Marine  
  102  8:33  Widow Mine x2  
  108  8:36  SCV  
  108  8:39  SCV  
  110  8:42  Refinery  
  95  9:02  Marauder, Marine x3  
  99  9:03  Marauder, Marine  
  99  9:04  Widow Mine x2, Viking  
  106  9:20  Marine x4  
  114  9:24  Marauder x2  
  114  9:34  Orbital Command  
  114  9:38  SCV x2, Marine x3  
  117  9:43  Widow Mine x2  
  117  9:45  Marauder, Marine  
  127  9:50  SCV  
  132  9:53  Barracks Reactor  
  132  9:56  Marine  
  132  9:57  Viking x2  
  132  9:59  Barracks Reactor  
  132  10:01  SCV  
  132  10:02  SCV x2  
  132  10:03  Marauder  
  137  10:07  Marauder, Marine  
  137  10:13  Marine  
  141  10:24  Supply Depot  
  141  10:25  Supply Depot  
  141  10:26  Armory  
  141  10:27  Engineering Bay  
  141  10:29  Ghost Academy  
  141  10:32  Marine  
  141  10:36  Marine  
  141  10:39  Marine  
  141  10:41  Marine x2, Widow Mine  
  141  10:42  Marine  
  141  10:43  Marauder  
  141  10:47  Marine  
  129  10:51  Marauder  
  99  10:57  Marine  
  99  10:59  Marine x2  
  99  11:02  Marine  
  99  11:04  Marauder  
  92  11:12  Marauder  
  94  11:21  Marine  
  94  11:25  Marine  
  92  11:26  Marauder  
Show
View Real Time Build Order
Export as new Build Order

Soita Protoss - Winner!

Build Orders:  

Get SALT Encoding   

  12  0:00  Probe  
  13  0:12  Probe  
  14  0:17  Pylon  
  14  0:24  Probe (Chrono Boost)  
  16  0:37  Gateway, Probe (Chrono Boost)  
  16  0:42  Probe (Chrono Boost)  
  16  0:46  Assimilator  
  17  0:51  Probe  
  18  1:03  Probe  
  19  1:04  Gateway  
  19  1:15  Probe  
  20  1:24  Cybernetics Core  
  20  1:30  Pylon  
  20  1:49  Probe  
  21  2:00  Stalker (Chrono Boost)  
  25  2:03  Shield Battery, Stalker (Chrono Boost)  
  25  2:20  Nexus  
  25  2:28  Stalker  
  27  2:36  Shield Battery  
  27  2:44  Shield Battery  
  27  2:50  Stalker  
  29  3:00  Stalker  
  31  3:15  Assimilator  
  31  3:23  Pylon  
  31  3:32  Pylon, Stalker, Probe  
  34  3:48  Probe x2 (Chrono Boost)  
  36  3:52  Twilight Council  
  36  3:54  Assimilator  
  36  3:57  Probe (Chrono Boost)  
  36  3:59  Probe (Chrono Boost)  
  38  4:06  Probe (Chrono Boost)  
  38  4:14  Probe (Chrono Boost)  
  39  4:17  Probe (Chrono Boost)  
  37  4:30  Stalker x2  
  39  4:37  Blink (Chrono Boost)  
  39  4:41  Probe (Chrono Boost)  
  39  4:43  Probe (Chrono Boost)  
  36  4:53  Probe (Chrono Boost)  
  36  4:54  Gateway  
  36  4:56  Gateway  
  36  4:58  Probe (Chrono Boost)  
  37  5:02  Probe (Chrono Boost)  
  37  5:05  Warp Gate  
  37  5:06  Probe (Chrono Boost)  
  39  5:07  Stalker  
  39  5:11  Probe (Chrono Boost)  
  39  5:12  Probe (Chrono Boost)  
  43  5:19  Stalker, Probe  
  46  5:24  Shield Battery  
  46  5:25  Probe  
  47  5:35  Pylon  
  47  5:36  Pylon  
  47  5:37  Stalker  
  49  5:43  Stalker  
  49  5:46  Stalker  
  53  5:50  Probe  
  53  5:53  Probe  
  55  5:58  Robotics Facility  
  55  6:02  Stalker  
  55  6:04  Probe  
  58  6:05  Probe  
  58  6:06  Assimilator  
  59  6:12  Stalker  
  59  6:16  Probe  
  62  6:24  Forge  
  62  6:25  Forge  
  62  6:28  Charge  
  62  6:39  Probe  
  63  6:45  Warp Prism (Chrono Boost)  
  65  6:56  Pylon  
  65  6:57  Pylon, Protoss Ground Weapons Level 1 (Chrono Boost)  
  65  6:59  Pylon  
  65  7:00  Pylon  
  65  7:04  Stalker x2  
  65  7:08  Protoss Ground Armor Level 1 (Chrono Boost)  
  69  7:10  Pylon  
  69  7:30  Photon Cannon x2  
  69  7:46  Stalker x3  
  67  7:54  Stalker x3  
  74  7:59  Nexus  
  74  8:01  Warp Prism (Chrono Boost)  
  74  8:02  Pylon  
  75  8:22  Stalker x3  
  75  8:23  Stalker  
  75  8:25  Probe x2  
  85  8:29  Shield Battery  
  85  8:31  Shield Battery  
  85  8:37  Probe x2  
  87  8:43  Gateway  
  87  8:46  Gateway  
  67  8:58  Stalker x4  
  71  9:18  Shield Battery  
  71  9:20  Probe x3  
  71  9:21  Shield Battery  
  74  9:33  Dark Shrine  
  74  9:37  Zealot x2  
  74  9:38  Zealot x3  
  82  9:46  Zealot  
  82  9:49  Observer (Chrono Boost)  
  85  10:07  Warp Prism (Chrono Boost)  
  85  10:08  Zealot x4  
  85  10:10  Zealot  
  97  10:19  Pylon  
  97  10:25  Assimilator  
  97  10:26  Robotics Bay  
  97  10:27  Robotics Facility  
  97  10:30  Assimilator  
  95  10:43  Zealot x2  
  95  10:44  Zealot x4  
  95  11:02  Photon Cannon  
  95  11:03  Photon Cannon  
  90  11:06  Dark Templar  
  90  11:07  Dark Templar x3  
  71  11:40  Dark Templar x5  
  71  11:43  Pylon  
  71  11:46  Pylon  
Tags
 
Add a new tag
Caveats
  • Supply blocks, unpowered buildings, or Contaminate may cause inaccurate times.
  • Supply counts are checked every 10 seconds.